 Dungeon Crawl Stone Soup version 0.17-a0-1596-g1e86911 (webtiles) character file.

7613 urechis the Grappler (level 10, 0/106 HPs)
             Began as a Troll Monk on July 31, 2015.
             Slain by a troll (12 damage)
             ... on level 10 of the Dungeon.
             The game lasted 00:17:38 (8385 turns).

urechis the Grappler (Troll Monk)                   Turns: 8385, Time: 00:17:38

Health: 0/106      AC:  4    Str: 25    XL:     10   Next: 98%
Magic:  9/9        EV: 10    Int:  6    God:
Gold:   297        SH:  0    Dex: 15    Spells: 0 memorised, 9 levels left

rFire  . . .     SeeInvis .       - Unarmed
rCold  . . .     Clarity  +     H - +0 robe {MR+}
rNeg   . . .     SustAt   .     (no shield)
rPois  .         Gourm    +     (helmet restricted)
rElec  .         Spirit   .     G - -2 cloak of the Wasteland {Slay+2}
rCorr  .         Warding  .     (gloves unavailable)
rMut   .         Stasis   .     (boots unavailable)
MR     ++...                    E - amulet of clarity
Stlth  ++........               C - +4 ring of strength
                                B - ring of protection from magic

@: very resistant to hostile enchantments, unstealthy
A: unfitting armour, claws 3, fast metabolism 3, gourmand, regeneration 2,
shaggy fur 1, tough skin 2
a: no special abilities


You were on level 10 of the Dungeon.
You were not hungry.

You visited 1 branch of the dungeon, and saw 10 of its levels.
You also visited: Sewer.

You collected 490 gold pieces.
You spent 193 gold pieces at shops.

Inventory:

Missiles
 h - 20 tomahawks (quivered)
 x - 3 large rocks
Armour
 a - a +0 large shield
 G - the -2 cloak of the Wasteland (worn) {Slay+2}
   (You bought it in a shop on level 8 of the Dungeon)

   It affects your accuracy and damage with ranged weapons and melee attacks
   (+2).
 H - a +0 robe of magic resistance (worn)
Jewellery
 B - a ring of protection from magic (left claw)
 C - a +4 ring of strength (right claw)
 E - an amulet of clarity (around neck)
Magical devices
 g - a wand of fire (6)
 r - a wand of paralysis (5)
 t - a wand of digging (9)
Scrolls
 e - a scroll of immolation
 k - 6 scrolls of remove curse
 m - 4 scrolls of enchant weapon
 n - 2 scrolls of fear
 u - a scroll of magic mapping
 v - 6 scrolls of teleportation
 y - a scroll of enchant armour
 A - 2 scrolls of blinking
Potions
 c - 3 potions of might {unknown}
 i - a potion of mutation {unknown}
 j - 2 potions of poison {unknown}
 l - 4 potions of heal wounds
 p - 3 potions of flight
 q - 3 potions of agility
 s - 2 potions of curing
 z - 2 potions of cancellation {unknown}
 D - 2 potions of magic {unknown}
 F - a potion of lignification {unknown}
 J - 2 potions of resistance {unknown}
Comestibles
 b - 12 bread rations
 d - 2 beef jerkies
 f - 8 fruits
 o - 3 slices of pizza
 w - 4 meat rations
 I - a royal jelly
 K - a chunk of flesh


   Skills:
 + Level 8.5 Fighting
 - Level 2.4 Dodging
 - Level 1.1 Stealth
 * Level 14.0 Unarmed Combat


You had 9 spell levels left.
You didn't know any spells.

Dungeon Overview and Level Annotations

Branches:
Dungeon (10/15)            Temple (0/1) D:4            Lair (0/8) D:9
    Orc: D:9-12

Altars:
Kikubaaqudgha
Yredelemnul

Shops:
D:8 [


Innate Abilities, Weirdness & Mutations

You are too large for most types of armour.
You have claws for hands.
Your metabolism is lightning-fast.
You like to eat raw meat.
You heal very quickly.
You are covered in fur (AC +1).
You have very tough skin (AC +2).


Message History

The troll bites you. The troll claws you! The troll closely misses you.
You scratch the troll.
The troll is heavily wounded.
The troll bites you!!
* * * LOW HITPOINT WARNING * * *
The troll claws you but does no damage. The troll closely misses you.
You are too injured to fight recklessly!
You are too injured to fight recklessly!
You claw the troll!
The troll is severely wounded.
You closely miss the troll.
The troll is severely wounded.
The troll barely misses you. The troll completely misses you.
The troll closely misses you.
You claw the troll!
The troll is almost dead.
The troll bites you!
* * * LOW HITPOINT WARNING * * *
The troll claws you!
You die...

#....#.....#......# ###+####.
#....#.....#......# #.
#...##.....#......# #.
#...#......#......# #.
#...#......#......# #.
#...#......#......##+### ##.
#...########..>......... ...
#....................... ...
#...............@..##### ###
...............T...#
..................[#
......†............#
...................#
.............!.....#
'##........................#
..#..##############........##
..#..# #.........#


You could see a troll.

Vanquished Creatures
  A hill giant (D:10)
  Prince Ribbit (D:8)
  A spriggan (D:7)
  8 yaks
  A deep elf mage (D:10)
  Grum (D:9)
  4 wolves (D:9)
  Menkaure (D:5)
  2 hungry ghosts
  6 ice beasts (D:9)
  2 black bears
  3 orc warriors
  2 sky beasts
  A necrophage (D:8)
  A swamp drake (D:9)
  2 phantoms
  3 centaurs
  4 ogres
  2 crocodiles
  5 giant frogs
  4 scorpions
  A vampire bat (D:9)
  7 wights
  4 crimson imps
  An orc priest (D:8)
  5 hounds
  A wasp zombie (D:9)
  A centaur zombie (D:9)
  A giant frog skeleton (D:5)
  2 jellies
  10 iguanas
  6 orc wizards
  6 worker ants
  A killer bee zombie (D:8)
  A centaur simulacrum (D:9)
  A giant frog simulacrum (D:9)
  2 hound zombies
  A worker ant zombie (D:8)
  9 adders
  4 gnolls (D:5)
  2 shadow imps (D:9)
  2 white imps (D:9)
  A worker ant simulacrum (D:9)
  An ufetubus (D:9)
  4 oozes
  An adder zombie (D:6)
  3 adder skeletons
  A worm (D:3)
  31 orcs
  5 bat zombies (D:9)
  4 giant cockroaches
  6 goblins
  8 hobgoblins
  12 kobolds
  5 quokkas
  2 ball pythons
  7 bats
  11 giant geckos
  5 jackals
  A jackal zombie (D:5)
  A quokka skeleton (D:5)
  2 quokka zombies (D:6)
  7 rats
241 creatures vanquished.

Notes
Turn   | Place    | Note
--------------------------------------------------------------
     0 | D:1      | urechis the Troll Monk began the quest for the Orb.
     0 | D:1      | Reached XP level 1. HP: 22/22 MP: 0/0
   337 | D:1      | Reached XP level 2. HP: 19/29 MP: 1/1
   964 | D:2      | Reached XP level 3. HP: 36/36 MP: 2/2
  1009 | D:2      | Reached skill level 5 in Unarmed Combat
  1189 | D:2      | Reached XP level 4. HP: 31/44 MP: 3/3
  1974 | D:4      | Found a basalt altar of Yredelemnul.
  2024 | D:4      | Reached XP level 5. HP: 14/53 MP: 4/4
  2031 | D:4      | HP: 2/53 [poisoned by a worker ant]
  2194 | D:4      | Reached skill level 6 in Unarmed Combat
  2353 | D:4      | Found a staircase to the Ecumenical Temple.
  2479 | D:5      | Entered Level 5 of the Dungeon
  2488 | D:5      | Noticed an ogre
  2493 | D:5      | Killed an ogre
  2493 | D:5      | Reached XP level 6. HP: 33/62 MP: 5/5
  2548 | D:5      | Found a glowing drain.
  2559 | Sewer    | Entered a sewer
  2934 | D:5      | Reached skill level 7 in Unarmed Combat
  3030 | D:5      | HP: 2/62 [gnoll/halberd (15)]
  3031 | D:5      | Reached XP level 7. HP: 2/70 MP: 6/6
  3192 | D:5      | Noticed a centaur
  3194 | D:5      | Noticed Menkaure
  3207 | D:5      | Killed a centaur
  3226 | D:5      | Killed Menkaure
  3422 | D:5      | Reached skill level 8 in Unarmed Combat
  3470 | D:5      | Noticed an ogre
  3479 | D:5      | Killed an ogre
  3692 | D:5      | Noticed a centaur
  3697 | D:5      | Killed a centaur
  3769 | D:5      | Reached skill level 5 in Fighting
  3830 | D:5      | Reached XP level 8. HP: 78/80 MP: 7/7
  4031 | D:6      | Reached skill level 9 in Unarmed Combat
  4826 | D:7      | Reached skill level 10 in Unarmed Combat
  5362 | D:7      | Reached XP level 9. HP: 83/89 MP: 8/8
  5556 | D:8      | Found Xepot's Antique Armour Emporium.
  5575 | D:8      | Bought a jewelled cloak for 180 gold pieces
  5575 | D:8      | Bought an embroidered robe for 13 gold pieces
  5580 | D:8      | Identified the -2 cloak of the Wasteland {Slay+2} (You bought it in a shop on level 8 of the Dungeon)
  5763 | D:8      | Noticed Prince Ribbit
  5772 | D:8      | Killed Prince Ribbit
  5772 | D:8      | Reached skill level 11 in Unarmed Combat
  6739 | D:9      | Noticed Grum
  6756 | D:9      | Killed Grum
  6756 | D:9      | Reached skill level 12 in Unarmed Combat
  6879 | D:9      | Found an ancient bone altar of Kikubaaqudgha.
  6884 | D:9      | Reached XP level 10. HP: 100/102 MP: 9/9
  7185 | D:9      | Found a staircase to the Lair.
  7303 | D:9      | Reached skill level 13 in Unarmed Combat
  7612 | D:9      | Identified a scroll of acquirement
  7614 | D:9      | Got a bloodstained hat
  7620 | D:9      | Identified the -6 hat of Mentoyza {Str+4 Slay-2 Stlth+} (You acquired it on level 9 of the Dungeon)
  7656 | D:10     | Entered Level 10 of the Dungeon
  7884 | D:10     | Noticed a hill giant
  7914 | D:10     | Killed a hill giant
  8377 | D:10     | Reached skill level 14 in Unarmed Combat
  8385 | D:10     | Slain by a troll

Vault maps used:
D:1:      minmay_arrival_three_doors
D:4:      temple_fountains, yredelemnul_altar_generic
D:5:      first_bread, portal_sewer_entry_d, uniq_menkaure
D:6:      minmay_misc_feat_four_crosses
D:7:      corexii_leaking_fountain, the_bakery
D:8:      serial_shops, nicolae_shop_temple_entry_statues_fountains,
          uniq_prince_ribbit1
D:9:      kennysheep_vampire_church, erik_lair_dragon, serial_ice, serial_ice_o,
          serial_ice_a, serial_ice_g, serial_ice_m, serial_ice_b, serial_ice_e,
          serial_ice_h, uniq_grum
Sewer:    sewer_the_crocodile

Action                   |  1- 3 |  4- 6 |  7- 9 | 10-12 || total
-------------------------+-------+-------+-------+-------++-------
Melee: Unarmed           |    95 |   134 |   243 |   191 ||   663
Throw: Tomahawk          |       |     4 |       |    12 ||    16
  Use: Scroll            |       |     9 |     4 |     4 ||    17
       Potion            |       |     1 |       |       ||     1
 Stab: Sleeping          |     5 |     7 |     3 |     1 ||    16
       Distracted        |     1 |       |     1 |       ||     2
  Eat: Chunk             |    16 |    14 |    37 |    14 ||    81
